 Dungeon Crawl Stone Soup version 0.22.1-1-ga44c0e56f4 (webtiles) character file.

88 JustaMe the Insei (level 4, 11/28 HPs)
             Began as an Octopode Transmuter on Sept 25, 2018.
             Quit the game on level 3 of the Dungeon.
             The game lasted 00:43:06 (3548 turns).

JustaMe the Insei (Octopode Transmuter)             Turns: 3548, Time: 00:43:06

Health: 11/28      AC:  1    Str:  9    XL:     4   Next: 53%
Magic:  11/17      EV: 14    Int: 15    God:
Gold:   94         SH:  2    Dex: 13    Spells: 5/8 levels left

rFire    . . .     SeeInvis +     - Unarmed
rCold    . . .     Gourm    .   (no shield)
rNeg     . . .     Faith    .   (helmet restricted)
rPois    .         Spirit   .   b - +2 amulet of reflection
rElec    .         Reflect  +   (no ring)
rCorr    .         Harm     .   l - ring of magical power
MR       .....                  m - ring of see invisible
Stlth    +++.......             (no ring)
HPRegen  0.09/turn              (no ring)
MPRegen  0.15/turn              (no ring)
                                (no ring)
                                (no ring)

@: no status effects
A: almost no armour, stealthy swim, amphibious, 8 rings, constrict 8, camouflage
1, gelatinous body 1
a: no special abilities


You were on level 3 of the Dungeon.
You were not hungry.

You visited 1 branch of the dungeon, and saw 4 of its levels.

You collected 94 gold pieces.

Inventory:

Missiles
 a - 39 arrows
 g - 51 stones (quivered)
Jewellery
 b - a +2 amulet of reflection (around mantle)
 l - a ring of magical power (right tentacle)
 m - a ring of see invisible (on tentacle)
Wands
 f - a wand of polymorph (22)
Scrolls
 h - 4 scrolls of identify
 p - 4 scrolls of remove curse
Potions
 d - 2 potions of curing
 e - a potion of agility {unknown}
 i - a potion of haste {unknown}
 j - a potion of lignification {unknown}
 k - a potion of brilliance {unknown}
 o - a potion of heal wounds {unknown}
Comestibles
 c - 3 rations


   Skills:
 + Level 1.1 Fighting
 + Level 2.4 Dodging
 + Level 1.5 Stealth
 + Level 3.4 Unarmed Combat
 + Level 2.9 Spellcasting
 + Level 2.8 Transmutations


You had 5 spell levels left.
You knew the following spells:

 Your Spells              Type           Power        Failure   Level  Hunger
a - Beastly Appendage     Tmut           ##....       6%          1    #......
b - Sticks to Snakes      Tmut           ##......     10%         2    ##.....

Your spell library contained the following spells:

 Spells                   Type           Power        Failure   Level  Hunger
 Spider Form              Tmut/Pois      #.........   34%         3    ###....
 Ice Form                 Ice/Tmut       #.......     75%         4    #####..
 Blade Hands              Tmut           ##........   87%         5    ######.


Dungeon Overview and Level Annotations

Branches:
Dungeon (4/15)             Temple (0/1) D:4

Altars:
Fedhas

Annotations:
D:2 exclusion: downstairs
D:4 exclusion: orc wizard, Blork the orc, Duvessa, Pikel


Innate Abilities, Weirdness & Mutations

You cannot wear most types of armour.
You are very stealthy in the water. (Stealth+)
You are amphibious.
You can wear up to eight rings at the same time.
You can use your tentacles to constrict eight enemies at once.
Your skin changes colour to match your surroundings (Stealth+).
Your rubbery body absorbs attacks. (AC +1, EV +1)


Message History

The quokka bites you. The bat misses you. The bat barely misses you.
Your magical contamination has completely faded away.
There is a stone staircase leading down here.
You can't go up here!
The bat misses you. The quokka misses you.
You climb downwards.
Level annotation: exclusion: orc wizard, Blork the orc, Pikel Duvessa, Sister of Dowan comes into view.
She is wielding a short sword.
The slave shouts!
The slave misses you.
There is a stone staircase leading up here.
The quokka closely misses you. The slave barely misses you. x2
You block the iguana's attack. The slave misses you.
You climb upwards.
The bat barely misses you. The bat hits you. The slave misses you.
The bat hits you. The slave hits you but does no damage.
The bat hits you but does no damage.
There is a stone staircase leading down here.
Are you sure you want to abandon this character and quit the game? (Confirm

######....)##...#..###.## #...#
##..........#......b..## #...#
##............###.##....###....
#.................##.##....S...
#....>...#####.........##...8..
#.......##.....##.#..#.....8.8.
##.....###..p....p...####.8._.8
##.....###...rb##......##..8.8.
#.......##...l@###...#......8..
#.......##...ppp.....###.......
#.......##............#####.#..
##.....###....)...............#
##...## #.........#..######...
##### #.....................
#####..##.###....###.#
.....##.#......##..#
#####.##...#.......##


You could see 4 slaves, an iguana, a quokka and a bat.

Vanquished Creatures
  An adder (D:2)
  An ooze (D:1)
  2 worms
  3 leopard geckos
  An orc (D:3)
  6 goblins
  5 hobgoblins
  A ball python (D:1)
  8 bats
  A frilled lizard (D:1)
  4 kobolds
  4 rats
37 creatures vanquished.

Vanquished Creatures (collateral kills)
  3 adders
  3 orcs (D:3)
  3 giant cockroaches (D:3)
  3 goblins
  A hobgoblin (D:3)
  A bat (D:2)
  4 kobolds
  A rat (D:2)
19 creatures vanquished.

Grand Total: 56 creatures vanquished

Notes
Turn   | Place    | Note
-------+----------+-------------------------------------------
     0 | D:1      | JustaMe the Octopode Transmuter began the quest for the
                  | Orb.
     0 | D:1      | Reached XP level 1. HP: 13/13 MP: 3/3
   498 | D:1      | Reached XP level 2. HP: 13/18 MP: 3/5
   894 | D:1      | Reached XP level 3. HP: 19/23 MP: 4/6
  1568 | D:2      | Reached skill level 1 in Stealth
  1796 | D:2      | Learned a level 2 spell: Sticks to Snakes
  2237 | D:2      | Reached XP level 4. HP: 27/28 MP: 7/8
  3021 | D:4      | Found a staircase to the Ecumenical Temple.
  3021 | D:4      | Noticed Pikel
  3021 | D:4      | Noticed a slave
  3021 | D:4      | Noticed a slave
  3021 | D:4      | Noticed a slave
  3021 | D:4      | Noticed a slave
  3036 | D:3      | Found a faded altar of an unknown god.
  3301 | D:4      | Noticed Blork the orc
  3497 | D:3      | Found a blossoming altar of Fedhas.
  3545 | D:4      | Noticed Duvessa
  3548 | D:3      | Quit the game

Skill      XL: |  1  2  3 |
---------------+----------+-----
Stealth        | 1 |  1.5
Fighting       | |  1.1
Dodging        | |  2.4
Unarmed Combat | |  3.4
Spellcasting   | |  2.9
Transmutations | |  2.8

Action                   |  1- 3 |  4- 6 || total
-------------------------+-------+-------++-------
Melee: Unarmed           |    72 |    19 ||    91
       Kick              |    11 |     2 ||    13
       Constrict         |    17 |     4 ||    21
       Tentacles         |     9 |     2 ||    11
       Punch             |     2 |     1 ||     3
 Cast: Beastly Appendage |    29 |     9 ||    38
       Sticks to Snakes  |    10 |    35 ||    45
  Use: Scroll            |     2 |       ||     2
 Stab: Sleeping          |     4 |       ||     4
       Distracted        |       |     1 ||     1
  Eat: Chunk             |     1 |     4 ||     5
       Ration            |     1 |     1 ||     2
Armor: Skin              |     4 |     6 ||    10
Dodge: Dodged            |    42 |    37 ||    79
Block: Other             |     1 |     3 ||     4
